 Dungeon Crawl Stone Soup version 0.25-a0-471-g78e40d7af6 (webtiles) character file.

Game seed: 13924569552491208870, levelgen mode: deterministic

0 Gargoyl the Skirmisher (level 1, -9/19 HPs)
             Began as a Centaur Abyssal Knight on Feb 6, 2020.
             Was a Follower of Lugonu.
             Killed from afar by an efreet (28 damage)
             ... with a fireball
             ... on level 3 of the Abyss.
             The game lasted 00:00:44 (290 turns).

Gargoyl the Skirmisher (Centaur Abyssal Knight)      Turns: 290, Time: 00:00:44

Health: -9/19      AC:  5    Str: 14    XL:     1   Next: 0%
Magic:  2/2        EV: 14    Int: 11    God:    Lugonu [*.....]
Gold:   47         SH:  0    Dex: 18    Spells: 0/0 levels left

rFire    . . .     SeeInvis .   a - +1 hand axe
rCold    . . .     Gourm    .   (no shield)
rNeg     . . .     Faith    .   b - +1 leather armour
rPois    .         Spirit   .   (no helmet)
rElec    .         Reflect  .   (no cloak)
rCorr    .         Harm     .   (no gloves)
MR       .....                  (no barding)
Stlth    ++........             (no amulet)
HPRegen  0.06/turn              f - +5 ring of dexterity
MPRegen  0.08/turn              (no ring)

@: agile, very quick
A: large, hooves 3, deformed body, speed 2, tough skin 3
a: Depart the Abyss, Renounce Religion


You were on level 3 of the Abyss.
You worshipped Lugonu.
Lugonu was aware of your devotion.
You were not hungry.

You visited 0 branches of the dungeon, and saw 0 of its levels.
You visited the Abyss 1 time.

You collected 47 gold pieces.

Inventory:

Hand Weapons
 a - a +1 hand axe (weapon)
Armour
 b - a +1 leather armour (worn)
Jewellery
 f - a +5 ring of dexterity (left hand)
Potions
 e - a potion of flight
Miscellaneous
 d - a lightning rod (3/4)
Comestibles
 c - a ration


   Skills:
 + Level 3.0 Fighting
 + Level 1.7 Axes
 + Level 1.3 Armour
 + Level 0.6 Dodging
 + Level 2.0 Invocations


You couldn't memorise any spells.
You didn't know any spells.
Your spell library was empty.

Dungeon Overview and Level Annotations

Branches:
Dungeon (0/15)

Altars:


Innate Abilities, Weirdness & Mutations

You have hooves in place of feet.
Armour fits poorly on your strangely shaped body.
You cover ground very quickly.
You have extremely tough skin. (AC +3)


Message History

You feel strangely unstable.
You feel the power of the Abyss delaying your translocation!
It was a scroll of teleportation.
It was a potion of agility.
You feel agile all of a sudden.
A large abomination comes into view.
A large abomination is nearby!
Found 25 stones.
You are suddenly pulled into a different region of the Abyss!
e - a potion of flight An efreet comes into view.
It is wielding a +0 scimitar of flaming.
Aiming: Thunderbolt
Press: ? - help, Shift-Dir - straight line, f - efreet
Aim: an efreet, wielding a +0 scimitar of flaming The thunderbolt hits the efreet.
The efreet is lightly wounded.
The efreet gestures at you.
The fireball explodes!
The fireball engulfs you!!
Ouch! That really hurt!
You die...

..### .... ### #...
###.## ..##....### ≈
##.#.##.#.# ≈≈..
#.#.####.## ##.
≈.≈≈# #...# ...# ..#
≈.≈≈≈.#..##...##...#
#.≈≈≈≈.@##..#.....#
#.≈.#≈.......#...##
. .##≈≈≈≈≈.#.R☼.# #
. #..≈≈≈≈≈##°###.. .
# ....#.≈≈#...°#
..###
.##..#≈#.##.#.# ..
## ....#.#... #.# ..
#...##.#.......##
... # . . .. . ..#


You could see an efreet.

Vanquished Creatures (others)
  A starspawn tentacle (Abyss:1)
1 creature vanquished.

Notes
Turn   | Place    | Note
-------+----------+-------------------------------------------
     0 | Abyss:1  | Gargoyl the Centaur Abyssal Knight began the quest for the
                  | Orb.
     0 | Abyss:1  | Reached XP level 1. HP: 19/19 MP: 2/2
    90 | Abyss:1  | Noticed a small abomination
    98 | Abyss:1  | Noticed a fire giant zombie
    98 | Abyss:1  | Noticed a starcursed mass
   103 | Abyss:1  | Noticed a tentacled starspawn
   182 | Abyss:2  | Noticed a wretched star
   242 | Abyss:3  | Noticed a large abomination
   289 | Abyss:3  | Noticed an efreet
   290 | Abyss:3  | Killed from afar by an efreet

Levels and vault maps discovered:
Abyss:3:  evilmike_abyss_exit_15

Action                   || total
-------------------------++-------
Evoke: Lightning rod     ||     1
  Use: Scroll            ||     3
       Potion            ||     2

Table legend:
 A = Non-vault XP
 B = Vault XP
 C = Vault XP percentage of total XP
 D = Non-vault monster count
 E = Vault monster count
 F = Vault count percentage of total count
                 A         B        C        D         E       F
            +---------+---------+-------+---------+---------+-------
      Total |       0 |       0 |   N/A |       0 |       0 |  -nan
            +---------+---------+-------+---------+---------+-------
            +---------+---------+-------+---------+---------+-------
